 Dungeon Crawl Stone Soup version 0.29.1-15-g9cfb28693d (webtiles) character file.

Game seed: 9721477674103790542

76 feetsoup the Chopper (level 4, -10/35 HPs)
             Began as a Human Berserker on Apr 24, 2023.
             Was a Believer of Trog.
             Killed by an exploding bat skeleton (27 damage)
             ... ignited by their inner flame
             ... on level 3 of the Dungeon on Apr 25, 2023.
             The game lasted 00:39:16 (1899 turns).

feetsoup the Chopper (Human Berserker)              Turns: 1899, Time: 00:39:17

Health: -10/35     AC:  6    Str: 19    XL:     4   Next: 57%
Magic:  4/4        EV: 11    Int:  8    God:    Trog [**....]
Gold:   115        SH:  0    Dex: 12    Spells: 3/3 levels left

rFire   . . .      SeeInvis .   a - +0 hand axe
rCold   . . .      Faith    .   (no shield)
rNeg    + . .      Spirit   .   c - +0 ring mail
rPois   .          Reflect  .   m - +0 helmet
rElec   .          Harm     .   (no cloak)
rCorr   +          Rampage  .   (no gloves)
Will    .....                   (no boots)
Stlth   +.........              (no amulet)
HPRegen 0.11/turn               j - ring of resist corrosion
MPRegen 0.09/turn               d - ring of positive energy

@: lethally poisoned (-10 -> -15), about to teleport
A: no striking features
a: Renounce Religion, Berserk, Trog's Hand


You were on level 3 of the Dungeon.
You worshipped Trog.
Trog was pleased with you.
You visited 1 branch of the dungeon, and saw 3 of its levels.

You collected 115 gold pieces.

Inventory:

Hand Weapons
 a - a +0 hand axe (weapon)
Missiles
 f - 7 poisoned darts (quivered)
 q - 3 datura-tipped darts
Armour
 b - a +0 animal skin
 c - a +0 ring mail (worn)
 i - a +0 robe
 m - a +0 helmet (worn)
Jewellery
 d - a ring of positive energy (right hand)
 j - a ring of resist corrosion (left hand)
Scrolls
 e - 2 scrolls of magic mapping
 l - a scroll of noise {unknown}
 n - a scroll of acquirement {unknown}
 p - a scroll of enchant armour {unknown}
Potions
 o - a potion of heal wounds {unknown}


   Skills:
 + Level 3.3 Fighting
 + Level 4.0 Axes
 + Level 0.4 Throwing
 + Level 2.8 Armour
 + Level 2.2 Dodging
 + Level 0.2 Stealth


You had 3 spell levels left.
You didn't know any spells.
Your spell library was empty.

Dungeon Overview and Level Annotations

Branches:
Dungeon (3/15)

Altars:
Cheibriados
Makhleb
Sif Muna
Xom
Yredelemnul

Shops:
D:3 =

Annotations:
D:2 1 runed translucent door, Crazy Yiuf


Message History

The bat zombie hits you but does no damage. x2
As you read the scroll labelled WYMESTR LOXTUG, it crumbles to dust.
You feel strangely unstable.
It was a scroll of teleportation.
You feel sick. The bat skeleton completely misses you.
The bat zombie closely misses you. The bat zombie misses you.
The bat skeleton misses you. The bat zombie misses you.
The bat zombie hits you but does no damage.
The adder bites you.
You are more poisoned.
The adder poisons you! The bat skeleton hits you.
The bat zombie attacks as you move away!
The bat zombie hits you but does no damage.
You feel sick. The bat zombie barely misses you. x2
The bat zombie hits you but does no damage. x2
The adder bites you but does no damage.
As you read the scroll labelled LOIBUPH XEAPTERISE, it crumbles to dust.
The creatures around you are filled with an inner flame!
It was a scroll of immolation.
You feel sick. The bat zombie barely misses you.
The bat zombie closely misses you. The bat skeleton closely misses you.
The bat zombie barely misses you.
The bat zombie hits you but does no damage.
The bat skeleton closely misses you. The bat zombie closely misses you.
The bat zombie barely misses you. The adder barely misses you.
The bat skeleton hits you but does no damage.
You slash the bat zombie! Trog accepts your kill.
You hit the bat skeleton.
Flame seeps out of the bat skeleton.
You miss the adder. You hit the bat zombie.
Flame seeps out of the bat zombie.
The bat zombie explodes!
The fiery explosion engulfs the adder!!
Trog accepts your kill.
The fiery explosion engulfs the bat zombie!
Trog accepts your kill.
The fiery explosion engulfs the bat skeleton!!
Trog accepts your kill. The fiery explosion engulfs you!
The bat skeleton explodes!
The fiery explosion engulfs you!!
Ouch! That really hurt!
You die...

..................#....#....#
#..<.........................
##.†....<##..................
#..._...##..................
#.._8_.....................
##..._...#...........#...#
#......................#
†.................†....#
##.............§@§...###
#$.............○§○......(
#.#######......§§§§......# .
#..#####'''######.# #. ....#
....[# # . .#...# .⌠.#.⌠.# .
...... .#.#.#.#.# .. .#..
#[.# ⌠ #..# #. # # .# #.#


There were no monsters in sight!

Vanquished Creatures
  4 adders
  2 dart slugs
  An orc (D:2)
  4 bats
  A bat skeleton (D:3)
  2 bat zombies (D:3)
  5 endoplasms
  2 giant cockroaches (D:2)
  3 goblins
  3 hobgoblins (D:1)
  A jackal (D:3)
  4 quokkas
  6 ball pythons
  A frilled lizard (D:1)
  4 kobolds
  2 rats (D:2)
45 creatures vanquished.

Vanquished Creatures (others)
  A ball python (D:3)
  A jackal (D:3)
  2 fungi (D:2)
4 creatures vanquished.

Grand Total: 49 creatures vanquished

Notes
Turn   | Place    | Note
-------+----------+-------------------------------------------
     0 | D:1      | feetsoup the Human Berserker began the quest for the Orb.
     0 | D:1      | Reached XP level 1. HP: 18/18 MP: 1/1
    95 | D:1      | Reached XP level 2. HP: 22/24 MP: 2/2
   401 | D:1      | Reached XP level 3. HP: 23/29 MP: 3/3
   883 | D:2      | Found a basalt altar of Yredelemnul.
   955 | D:2      | Reached ** piety under Trog
  1053 | D:2      | Found a runed translucent door.
  1054 | D:2      | Noticed Crazy Yiuf
  1332 | D:2      | Reached XP level 4. HP: 35/35 MP: 4/4
  1713 | D:3      | Found a snail-covered altar of Cheibriados.
  1713 | D:3      | Found a burning altar of Makhleb.
  1713 | D:3      | Found a shimmering altar of Xom.
  1713 | D:3      | Found a shimmering blue altar of Sif Muna.
  1719 | D:3      | Found Edibof's Jewellery Shop.
  1795 | D:3      | Reached skill level 4 in Axes
  1899 | D:3      | Killed by an exploding bat skeleton... ignited by their
                  | inner flame

Illustrated notes

Levels and vault maps discovered:
D:1:      sevenhm_arrival_forest_fort_large_4, layout_rooms, serial_aquarium,
          aquarium_bridge_straight [aquarium_subvault_bridge,
          aquarium_subvault_window, aquarium_subvault_bridge,
          aquarium_subvault_wall], aquarium_window_fake, aquarium_window_3,
          aquarium_view_2c, aquarium_view_2c
D:2:      minmay_wonky_spiral, layout_loops_corners, basic_altar,
          uniq_crazy_yiuf_cottage
D:3:      layout_rooms, kennysheep_vampire_church,
          chequers_temple_overflow_statue_of_worship,
          nicolae_ecumenical_snake_handling, serial_shops, shop_statue,
          minmay_strange_pillars

Skill      XL: |  1  2  3  4 |
---------------+-------------+-----
Axes           | 4 |  4.0
Fighting       | |  3.3
Throwing       | |  0.4
Armour         | |  2.8
Dodging        | |  2.2
Stealth        | |  0.2

Action                   |  1- 3 |  4- 6 || total
-------------------------+-------+-------++-------
Melee: Hand axe          |   106 |    37 ||   143
       Punch             |     1 |     1 ||     2
Throw: Dart              |     7 |     9 ||    16
  Use: Scroll            |     2 |     3 ||     5
 Stab: Sleeping          |     1 |       ||     1
Armor: Ring mail         |    36 |    36 ||    72
       Animal skin       |     4 |       ||     4
Dodge: Dodged            |    58 |    75 ||   133
